 Dungeon Crawl Stone Soup version 0.26-a0-579-g3afe4966bf (webtiles) character file.

Game seed: 13417203389582618671

(classic levelgen) 4187 EnegeticOcto the Cleaver (level 10, 0/87 HPs)
             Began as a Deep Dwarf Fighter on Aug 23, 2020.
             Was a Believer of Wu Jian.
             Succumbed to a meliai's poison
             ... on level 12 of the Dungeon.
             The game lasted 00:08:37 (1158 turns).

EnegeticOcto the Cleaver (Deep Dwarf Fighter)       Turns: 1158, Time: 00:08:38

Health: 0/87       AC: 11    Str: 23    XL:     10   Next: 8%
Magic:  2/2        EV:  4    Int:  9    God:    Wu Jian [**....]
Gold:   832        SH:  9    Dex: 12    Spells: 17/17 levels left

rFire    . . .     SeeInvis .   a - +0 war axe
rCold    . . .     Faith    .   c - +0 kite shield
rNeg     . . .     Spirit   .   j - +0 plate armour
rPois    .         Reflect  .   (no helmet)
rElec    .         Harm     .   (no cloak)
rCorr    .                      (no gloves)
MR       ++...                  (no boots)
Stlth    ..........             (no amulet)
HPRegen  0.00/turn              m - ring of protection from magic
MPRegen  0.08/turn              (no ring)

@: lethally poisoned (0 -> -52), non-regenerating
A: damage resistance, heal wounds, sense surroundings 2, no regeneration
a: Heal Wounds, Wall Jump, Renounce Religion


You were on level 12 of the Dungeon.
You worshipped Wu Jian.
Wu Jian was pleased with you.
You visited 1 branch of the dungeon, and saw 12 of its levels.
You also visited: Bailey.

You collected 832 gold pieces.

Inventory:

Hand Weapons
 a - a +0 war axe (weapon)
Armour
 b - a +0 scale mail
 c - a +0 kite shield (worn)
 j - a +0 plate armour (worn)
Jewellery
 m - a ring of protection from magic (left hand)
Wands
 g - a wand of digging (6) {@v3}
 l - a wand of polymorph (3)
 q - a wand of enslavement (13)
Scrolls
 e - 3 scrolls of remove curse {unknown}
 f - 4 scrolls of magic mapping {unknown}
 h - a scroll of enchant weapon {unknown}
 i - a scroll of enchant armour
 n - 3 scrolls of noise {unknown}
Potions
 d - a potion of might {@q3 !q}
 k - a potion of brilliance {unknown}
 o - a potion of heal wounds {unknown}
 p - a potion of mutation {unknown}


   Skills:
 + Level 4.4 Fighting
 * Level 13.2 Axes
 - Level 3.2 Armour
 - Level 3.2 Shields
 + Level 4.2 Spellcasting
 + Level 4.9 Evocations


You had 17 spell levels left.
You didn't know any spells.
Your spell library was empty.

Dungeon Overview and Level Annotations

Branches:
Dungeon (12/15)            Bailey (visited)
 Temple: D:4-7         Lair: D:8-11         Orc: D:9-12

Altars:
Wu Jian


Innate Abilities, Weirdness & Mutations

You are resistant to damage.
You can heal yourself by infusing magical energy.
You passively map the area around you.
You do not regenerate.


Message History

You feel very sick.
You block the meliai's attack. x3; The meliai stings you!
* * * LOW HITPOINT WARNING * * *
The meliai hits you but does no damage.
The meliai stings you but does no damage.
Things that are here:
a cursed -2 hand axe; a +0 robe You slash the meliai!
You kill the meliai!
The Council accepts your kill.
You have reached level 10!
You miss the meliai.
You feel sick. The meliai hits you but does no damage.
The meliai barely misses you. You block the meliai's attack.
The meliai stings you!
* * * LOW HITPOINT WARNING * * *
You are lethally poisoned!
The meliai poisons you!
Your magical essence is drained by the effort!
You feel much better.
You feel very sick. The meliai hits you but does no damage.
The meliai barely misses you. You block the scorpion's attack.
Your shield and plate armour prevent you from hitting the meliai.
You slash the scorpion!
You feel very sick. The meliai hits you with a +0 hand axe!
The meliai stings you but does no damage.
You block the meliai's attack. x2; The scorpion stings you.
You are more poisoned.
The scorpion poisons you!
You hit the meliai but do no damage. You closely miss the scorpion.
You feel very sick.
You block the meliai's attack. x3; The meliai stings you.
* * * LOW HITPOINT WARNING * * *
The scorpion stings you but does no damage.
You feel much better.
You feel very sick. The meliai hits you with a +0 hand axe.
You block the meliai's attack.
The scorpion stings you but does no damage.
The meliai hits you with a +0 hand axe.
The meliai stings you but does no damage.
You slash the meliai!
The meliai is moderately wounded.
You hit the scorpion but do no damage.
You feel very sick. The meliai hits you with a +0 hand axe.
The meliai stings you but does no damage.
You block the scorpion's attack. You block the meliai's attack.
The meliai closely misses you.
You closely miss the meliai.
The meliai is moderately wounded.
You closely miss the scorpion.
You feel very sick. The meliai hits you with a +0 hand axe.
The meliai stings you.
You are lethally poisoned!
The meliai poisons you!
The scorpion stings you but does no damage.
You hit the meliai but do no damage.
The meliai is moderately wounded.
You closely miss the scorpion.
You feel very sick. The meliai hits you but does no damage.
The meliai stings you but does no damage.
The meliai hits you but does no damage. The meliai stings you.
The scorpion stings you.
You are more poisoned.
The scorpion poisons you!
You slash the meliai!
The meliai is severely wounded.
You closely miss the scorpion.
* * * LOW HITPOINT WARNING * * *
You feel very sick. The meliai hits you with a +0 hand axe.
The meliai stings you!
* * * LOW HITPOINT WARNING * * *
You are more poisoned.
The meliai poisons you! The scorpion stings you.
The meliai hits you with a +0 hand axe.
* * * LOW HITPOINT WARNING * * *
The meliai stings you but does no damage.
You barely miss the meliai.
The meliai is severely wounded.
You slash the scorpion!
You kill the scorpion!
The Council accepts your kill.
* * * LOW HITPOINT WARNING * * *
You feel very sick. The meliai hits you with a +0 hand axe.
* * * LOW HITPOINT WARNING * * *
The meliai stings you but does no damage.
You barely miss the meliai.
The meliai is severely wounded.
* * * LOW HITPOINT WARNING * * *
You feel very sick. The meliai hits you with a +0 hand axe.
You block the meliai's attack. The meliai hits you but does no damage.
The meliai stings you but does no damage.
You slash the meliai!
You kill the meliai!
The Council accepts your kill.
You die...

,, , , *...# ,
.... , * #....
,,...., #.$... *
, ..... *#.(....
** * .....
##....... ......
#........ * **
,,....###<.......
, ,
*#..#)..(..$.. ,
* *
#(.@)........, *
* ##...........
,* , ##..........
*, *
*..........., *
##.........., * ,
##.#....... * ,*
..####### ** * ##
* , * , * *


There were no monsters in sight!

Vanquished Creatures
  A two-headed ogre (D:8)
  A cyclops (D:11)
  A yaktaur (D:10)
  3 meliai (D:12)
  Prince Ribbit (D:6)
  Grinder (D:5)
  A wraith (D:10)
  A necrophage (D:11)
  3 orc warriors (Bailey)
  2 ogres
  2 centaurs
  A wolf (D:10)
  2 big kobolds
  Blork the orc (D:5)
  3 scorpions
  A water moccasin skeleton (D:3)
  3 killer bees (D:10)
  3 howler monkeys
  3 hounds
  A centaur skeleton (D:4)
  4 orc wizards
  A worker ant (D:5)
  8 gnolls
  A howler monkey skeleton (D:8)
  2 adders
  An adder zombie (D:5)
  2 worms (D:2)
  2 leopard geckos (D:4)
  3 orcs
  2 giant cockroaches
  7 goblins
  A hobgoblin (Bailey)
  6 jackals
  14 kobolds
  3 quokkas
  A ball python (D:2)
  A bat (D:2)
  2 frilled lizards (D:2)
  2 rats
98 creatures vanquished.

Vanquished Creatures (others)
  15 toadstools (D:5)
15 creatures vanquished.

Grand Total: 113 creatures vanquished

Notes
Turn   | Place    | Note
-------+----------+-------------------------------------------
     0 | D:1      | EnegeticOcto the Deep Dwarf Fighter began the quest for the
                  | Orb.
     0 | D:1      | Reached XP level 1. HP: 20/20 MP: 1/1
    23 | D:2      | Reached skill level 3 in Axes
    23 | D:2      | Reached XP level 2. HP: 22/27 MP: 2/2
    25 | D:2      | Reached XP level 3. HP: 28/33 MP: 3/3
    26 | D:2      | Reached skill level 4 in Axes
   147 | D:4      | Noticed a centaur
   153 | D:4      | Reached XP level 4. HP: 35/40 MP: 4/4
   154 | D:4      | Reached skill level 5 in Axes
   158 | D:4      | Killed a centaur
   158 | D:4      | Reached skill level 6 in Axes
   158 | D:4      | Reached XP level 5. HP: 32/46 MP: 5/5
   168 | D:4      | Noticed an ogre
   170 | D:4      | Your magical essence is drained by the effort!
   188 | D:4      | Killed an ogre
   188 | D:4      | Reached skill level 7 in Axes
   188 | D:4      | Reached XP level 6. HP: 43/55 MP: 5/5
   228 | D:3      | Found a faded altar of an unknown god.
   241 | D:3      | Became a worshipper of the Wu Jian Council
   241 | D:3      | Reached * piety under Wu Jian
   321 | D:5      | Entered Level 5 of the Dungeon
   328 | D:5      | Noticed Grinder
   342 | D:5      | Reached skill level 8 in Axes
   346 | D:5      | Paralysed by Grinder for 6 turns
   353 | D:5      | Your magical essence is drained by the effort!
   357 | D:5      | Paralysed by Grinder for 7 turns
   380 | D:5      | Noticed Blork the orc
   385 | D:5      | Reached skill level 1 in Spellcasting
   385 | D:5      | Reached XP level 7. HP: 44/61 MP: 6/6
   394 | D:5      | Killed Blork the orc
   398 | D:5      | Killed Grinder
   398 | D:5      | Reached skill level 9 in Axes
   398 | D:5      | Reached skill level 2 in Spellcasting
   488 | D:6      | Noticed Prince Ribbit
   492 | D:6      | Your magical essence is drained by the effort!
   537 | D:6      | Killed Prince Ribbit
   537 | D:6      | Reached XP level 8. HP: 36/68 MP: 7/9
   552 | D:7      | Reached skill level 3 in Spellcasting
   589 | D:8      | Noticed a two-headed ogre
   596 | D:8      | HP: 2/68 [two-headed ogre/+0 giant club (13)]
   614 | D:8      | Your magical essence is drained by the effort!
   616 | D:8      | Killed a two-headed ogre
   616 | D:8      | Reached skill level 11 in Axes
   616 | D:8      | Reached skill level 4 in Spellcasting
   684 | D:9      | Your magical essence is drained by the effort!
   686 | D:9      | Gained mutation: You passively map the area around you.
                  | [Deep Dwarf growth]
   686 | D:9      | Reached XP level 9. HP: 27/74 MP: 10/10
   706 | D:10     | Entered Level 10 of the Dungeon
   721 | D:10     | Reached ** piety under Wu Jian
   748 | D:10     | Noticed a yaktaur
   759 | D:10     | Killed a yaktaur
   759 | D:10     | Reached skill level 12 in Axes
   786 | D:10     | Your magical essence is drained by the effort!
   798 | D:10     | Reached skill level 1 in Evocations
   812 | D:10     | Reached skill level 3 in Fighting
   870 | D:10     | Found a flagged portal.
   904 | D:10     | Reached skill level 2 in Evocations
   912 | Bailey   | Entered a bailey
   916 | Bailey   | Your magical essence is drained by the effort!
   941 | Bailey   | Your magical essence is drained by the effort!
   949 | Bailey   | Found an iron altar of Okawaru.
   954 | Bailey   | Your magical essence is drained by the effort!
   965 | Bailey   | Reached skill level 3 in Evocations
  1046 | D:11     | Noticed a cyclops
  1050 | D:11     | Your magical essence is drained by the effort!
  1066 | D:11     | Your magical essence is drained by the effort!
  1072 | D:11     | Killed a cyclops
  1072 | D:11     | Reached skill level 4 in Fighting
  1072 | D:11     | Reached skill level 13 in Axes
  1072 | D:11     | Reached skill level 4 in Evocations
  1138 | D:12     | Noticed a meliai
  1138 | D:12     | Noticed a meliai
  1138 | D:12     | Noticed a meliai
  1140 | D:12     | Your magical essence is drained by the effort!
  1144 | D:12     | Your magical essence is drained by the effort!
  1145 | D:12     | Killed a meliai
  1147 | D:12     | Killed a meliai
  1147 | D:12     | Reached XP level 10. HP: 24/87 MP: 3/3
  1148 | D:12     | Your magical essence is drained by the effort!
  1158 | D:12     | Succumbed to a meliai's poison

Illustrated notes

Levels and vault maps discovered:
D:1:      ebering_trefoil_twist, layout_basic
D:2:      minmay_angry_zag, layout_basic, nicolae_gozag_seed_capital,
          uniq_jessica
D:3:      layout_basic, ashenzari_conservatory_becter,
          chequers_ecumenical_altar_simple, kennysheep_generic_room_7
D:4:      layout_rooms, hangedman_decor_push
D:5:      layout_cave_pools, grunt_temple_overflow_cloverleaf, tgw_fedhas,
          uniq_grinder, uniq_blork_the_orc
D:6:      layout_cave_pools, kennysheep_mini_moat,
          minmay_temple_entry_junction_2, uniq_prince_ribbit1
D:7:      layout_gridville
D:8:      layout_cave_pods
D:9:      layout_long_grid, minmay_orc_entry_temple_small
D:10:     layout_gridville, erik_lair_island, serial_rivers,
          chequers_serial_rivers_marsh, chequers_serial_rivers_micro_c,
          chequers_serial_rivers_small_3, chequers_serial_rivers_micro_d,
          chequers_serial_rivers_small_3, enter_bailey_3,
          minmay_misc_feat_diagonals
D:11:     layout_irregular_city, kennysheep_dice, uniq_josephine, uniq_erica
D:12:     layout_cave_pods, serial_shops, shop, shop

Skill      XL: |  1  2  3  4  5  6  7  8  9 |
---------------+----------------------------+-----
Axes           | 3 4 6 7 8 9 11 13 | 13.2
Spellcasting   | 1 2 4 |  4.2
Evocations     | 4 |  4.9
Fighting       | 4 |  4.4
Armour         | |  3.2
Shields        | |  3.2

Action                   |  1- 3 |  4- 6 |  7- 9 | 10-12 || total
-------------------------+-------+-------+-------+-------++-------
Melee: War axe           |    28 |    85 |   258 |     9 ||   380
Invok: Whirlwind         |       |     2 |    43 |       ||    45
       Lunge             |       |     1 |    11 |       ||    12
 Abil: Heal Wounds       |     3 |     7 |    35 |     2 ||    47
Evoke: Wand              |       |       |     4 |       ||     4
  Use: Scroll            |       |       |     3 |       ||     3
Armor: Scale mail        |    28 |    26 |       |       ||    54
       Skin              |       |    40 |       |       ||    40
       Plate armour      |       |    36 |   193 |    15 ||   244
Dodge: Dodged            |    34 |    33 |    53 |     3 ||   123
Block: Kite shield       |    40 |    53 |   212 |    11 ||   316

Table legend: (Time is in decaauts)
 A = Elapsed time spent in this place.
 B = Non-inter-level travel time spent in this place.
 C = Inter-level travel time spent in this place.
 D = Time resting spent in this place.
 E = Time spent auto-exploring this place.
 F = Levels seen in this place.
 G = Mean time per level.
                   A        B        C        D        E       F      G
               +--------+--------+--------+--------+--------+-----+--------+
         Total |   1249 |   1213 |     36 |      0 |      0 |  13 |   96.1 |
       Dungeon |   1129 |   1093 |     36 |      0 |      0 |  12 |   94.1 |
        Bailey |    119 |    119 |      0 |      0 |      0 |   1 |  119.0 |
               +--------+--------+--------+--------+--------+-----+--------+

Top non-repeatable levels by time:
    D:10: 262 daAuts
     D:4: 206 daAuts
     D:5: 138 daAuts
  Bailey: 119 daAuts
     D:2: 114 daAuts
    D:11: 102 daAuts
     D:8: 85 daAuts
     D:6: 57 daAuts
     D:3: 54 daAuts
     D:7: 47 daAuts
     D:9: 32 daAuts
    D:12: 19 daAuts
     D:1: 8 daAuts
